 Dungeon Crawl Stone Soup version 0.27.1-33-g824d729ab1 (webtiles) character file.

Game seed: 13623774089734254836

28 raph the Firebug (level 2, -3/15 HPs)
             Began as a Deep Elf Fire Elementalist on Dec 18, 2021.
             Slain by a gnoll (6 damage)
             ... on level 1 of the Dungeon.
             The game lasted 00:02:12 (745 turns).

raph the Firebug (Deep Elf Fire Elementalist)        Turns: 745, Time: 00:02:12

Health: -3/15      AC:  2    Str:  5    XL:     2   Next: 96%
Magic:  1/8        EV: 12    Int: 19    God:
Gold:   11         SH:  0    Dex: 15    Spells: 6/7 levels left

rFire    + . .     SeeInvis .   d - +0 whip
rCold    x . .     Faith    .   (no shield)
rNeg     . . .     Spirit   .   a - +0 robe
rPois    .         Reflect  .   (no helmet)
rElec    .         Harm     .   (no cloak)
rCorr    .         Rampage  .   (no gloves)
Will     .....                  (no boots)
Stlth    ++........             (no amulet)
HPRegen  0.05/turn              b - ring of fire
MPRegen  0.11/turn              (no ring)

@: no status effects
A: no striking features
a: no special abilities


You were on level 1 of the Dungeon.
You visited 1 branch of the dungeon, and saw 1 of its levels.

You collected 11 gold pieces.

Inventory:

Hand Weapons
 d - a +0 whip (weapon)
Armour
 a - a +0 robe (worn)
Jewellery
 b - a ring of fire (left hand)
Scrolls
 c - 2 scrolls of magic mapping {unknown}
Potions
 e - a potion of curing {unknown}
 f - a potion of mutation {unknown}
 g - a potion of heal wounds {unknown}
 h - a potion of magic {unknown}


   Skills:
 - Level 2.4 Dodging
 - Level 2.4 Stealth
 - Level 3.0 Spellcasting
 + Level 2.4 Conjurations
 + Level 4.0 Fire Magic


You had 6 spell levels left.
You knew the following spells:

 Your Spells              Type           Power      Damage    Failure   Level
a - Foxfire               Conj/Fire      88%        2x1d8     4%          1

Your spell library contained the following spells:

 Spells                   Type           Power      Damage    Failure   Level
 Conjure Flame            Conj/Fire      22%        6-21      12%         3
 Inner Flame              Hex/Fire       15%        N/A       21%         3
 Sticky Flame             Conj/Fire      22%        2d4       38%         4
 Fireball                 Conj/Fire      11%        3d7       75%         5


Dungeon Overview and Level Annotations

Branches:
Dungeon (1/15)

Altars:


Message History

Casting: Foxfire (safe; 4% risk of failure)
Confirm with . or Enter, or press ? or * to list all spells.
You feel a surge of power!
You conjure some foxfire!
The gnoll hits you with a +0 club.
The foxfire hits the gnoll.
The gnoll completely resists.
The gnoll is lightly wounded.
The foxfire hits the gnoll but does no damage.
The gnoll is lightly wounded.
Casting: Foxfire (safe; 4% risk of failure)
Confirm with . or Enter, or press ? or * to list all spells.
You feel a surge of power!
You conjure some foxfire!
The gnoll barely misses you.
Casting: Foxfire (safe; 4% risk of failure)
Confirm with . or Enter, or press ? or * to list all spells.
You feel a surge of power!
You conjure some foxfire!
The foxfire hits the gnoll but does no damage. x2
The gnoll hits you with a +0 club!
The foxfire hits the gnoll but does no damage. x2
You see here a frilled lizard skeleton.
Casting: Foxfire (safe; 4% risk of failure)
Confirm with . or Enter, or press ? or * to list all spells.
You feel a surge of power!
You conjure some foxfire!
The foxfire hits the gnoll.
The gnoll completely resists.
Casting: Foxfire (safe; 4% risk of failure)
Confirm with . or Enter, or press ? or * to list all spells.
You feel a surge of power!
You conjure some foxfire!
The foxfire hits the gnoll but does no damage.
Casting: Foxfire (safe; 4% risk of failure)
Confirm with . or Enter, or press ? or * to list all spells.
You feel a surge of power!
You conjure some foxfire!
The foxfire hits the gnoll but does no damage. x2
The gnoll hits you with a +0 club.
* * * LOW HITPOINT WARNING * * *
Casting: Foxfire (safe; 4% risk of failure)
Confirm with . or Enter, or press ? or * to list all spells.
You feel a surge of power!
You conjure some foxfire!
The foxfire hits the gnoll.
The gnoll completely resists.
The foxfire hits the gnoll.
The gnoll completely resists.
The gnoll hits you with a +0 club.
You die...

###
###########.#####################
.....).........................>.
...########)##...........########
...# #................# ...#
#................#
...######......g@v.......#
............##.v.ยง....#######
...#######..##..............#####
...# #..##..............'....
...# ##.##..............#####
.).# #..#................... ...#
#..#..............#####
...########..#...................
...............##+###........####


You could see a gnoll (ally target).

Vanquished Creatures
  A dart slug (D:1)
  2 bats (D:1)
  4 endoplasms (D:1)
  A giant cockroach (D:1)
  3 goblins (D:1)
  2 quokkas (D:1)
  2 ball pythons (D:1)
  2 frilled lizards (D:1)
  6 kobolds (D:1)
  A rat (D:1)
24 creatures vanquished.

Vanquished Creatures (others)
  76 foxfires (D:1)
76 creatures vanquished.

Grand Total: 100 creatures vanquished

Notes
Turn   | Place    | Note
-------+----------+-------------------------------------------
     0 | D:1      | raph the Deep Elf Fire Elementalist began the quest for the
                  | Orb.
     0 | D:1      | Reached XP level 1. HP: 10/10 MP: 6/6
   247 | D:1      | Reached XP level 2. HP: 15/15 MP: 5/8
   612 | D:1      | Reached skill level 4 in Fire Magic
   745 | D:1      | Slain by a gnoll

Illustrated notes

Levels and vault maps discovered:
D:1:      heliophobic_arrival_enchanted_forest, layout_basic,
          ebering_ecumenical_altar_rust, minmay_tetromino_l2

Skill      XL: |  1  2 |
---------------+-------+-----
Conjurations   | 2 |  2.4
Fire Magic     | 4 |  4.0
Dodging        | |  2.4
Stealth        | |  2.4
Spellcasting   | |  3.0

Action                   || total
-------------------------++-------
Melee: Whip              ||     4
 Cast: Foxfire           ||    44
Armor: Robe              ||     2
Dodge: Dodged            ||    15
